cohdb
Replays
Latest Replays
All Replays
Popular Replays
Top Player Replays
Match Explorer
How It Works
Community
CoH3 Stats
Reddit
Sign in to upload your games and track your stats! →
Sign in with Steam
Match 46714303
Unlisted
Match 46714303
Overview
Messages
Build Orders
End
Construct Infanterie Kompanie
MG 42 Machine Gun Team
Selects Italian Coastal Battlegroup
Selects Coastal Reserves
Coastal Reserve
Coastal Reserve
MG 42 Machine Gun Team
Medical Bunker
Selects Artillery Officer
Artillery Officer
Construct Panzergrenadier Kompanie
Support Elements
Nebelwerfer 42 Rocket Launcher Team
Medical Bunker
Pak 40 Anti-tank Gun Team
StuG III G Assault Gun
Selects Obice da 210/22 Artillery Emplacement
Selects Support Bunkers
Construct Panzer Kompanie
Selects Designated Artillery Overwatch
Panzer Officer Quarters
Selects Bulwark
Batata
Zoro
Paul
Boneless
BazookaJoe
Deutsche Eiche
0
0
Comments
sign in to comment!
No comments posted yet!